 Dungeon Crawl Stone Soup version 0.23.2-40-g277498a001 (webtiles) character file.

Game seed: 13413273360069418636

47 Marnok the Covered (level 3, -2/33 HPs)
             Began as a Minotaur Fighter on Oct 13, 2019.
             Killed from afar by Ijyb (12 damage)
             ... with a wand of acid (6)
             ... on level 3 of the Dungeon.
             The game lasted 00:03:26 (1311 turns).

Marnok the Covered (Minotaur Fighter)               Turns: 1311, Time: 00:03:26

Health: -2/33      AC:  7    Str: 21    XL:     3   Next: 48%
Magic:  2/2        EV:  5    Int:  5    God:
Gold:   94         SH: 14    Dex:  9    Spells: 2/2 levels left

rFire    + . .     SeeInvis .   i - +1 mace (crush)
rCold    x . .     Gourm    .   n - +0 large shield
rNeg     . . .     Faith    .   b - +0 scale mail
rPois    .         Spirit   .   (helmet restricted)
rElec    .         Reflect  .   (no cloak)
rCorr    .         Harm     .   (no gloves)
MR       .....                  (no boots)
Stlth    ..........             (no amulet)
HPRegen  0.11/turn              j - ring of fire
MPRegen  0.08/turn              (no ring)

@: no status effects
A: retaliatory headbutt, horns 2
a: no special abilities


You were on level 3 of the Dungeon.
You were not hungry.

You visited 1 branch of the dungeon, and saw 3 of its levels.

You collected 94 gold pieces.

Inventory:

Hand Weapons
 a - a +0 trident
 e - a +1 dagger of venom
 i - a +1 mace of crushing (weapon)
 l - a +1 whip of electrocution
Missiles
 p - 12 tomahawks (quivered)
Armour
 b - a +0 scale mail (worn)
 c - a +0 shield
 n - a +0 large shield (worn)
Jewellery
 j - a ring of fire (left hand)
Scrolls
 k - a scroll of amnesia {unknown}
 m - a scroll of fear
 q - a scroll of enchant armour {unknown}
Potions
 d - a potion of might
 g - a potion of brilliance {unknown}
 h - a potion of curing {unknown}
 o - a potion of heal wounds {unknown}
Comestibles
 f - 4 rations


   Skills:
 + Level 3.8 Fighting
 + Level 3.0 Polearms
 + Level 4.5 Armour
 + Level 4.3 Shields


You had 2 spell levels left.
You didn't know any spells.
Your spell library was empty.

Dungeon Overview and Level Annotations

Branches:
Dungeon (3/15)

Altars:
Kikubaaqudgha
Trog
Zin
The Shining One

Annotations:
D:3 Ijyb


Innate Abilities, Weirdness & Mutations

You reflexively headbutt those who attack you in melee.
You have a pair of horns on your head.


Message History

Found a stone staircase leading down.
There is a stone staircase leading down here.
You climb downwards.
Ijyb the Twisted Goblin comes into view.
She is wielding a +0 dagger and carrying a wand of acid (7).
Ijyb shouts!
Found a scroll labeled MUMARE ZATON and a weird jewelled staff.
There is a stone staircase leading up here.
A ball python comes into view.
Ijyb screams, "Me stronger than you!"
Found an oblong papyrus book.
The ball python hisses angrily.
A bat comes into view.
You see here a scroll labeled MUMARE ZATON.
q - a scroll labeled MUMARE ZATON Ijyb zaps a wand.
The bolt of acid hits you!
You are splashed with acid!
* * * LOW HITPOINT WARNING * * *
There is a stone staircase leading up here.
The bat hits you but does no damage.
Ijyb zaps a wand.
The bolt of acid hits you!
You die...

.. .. ... ... #.#
...####.#
........##
.:.......####
.........@..#
.......gb##......
^..##...# ..#..
#.S.........
...........##..
#.|###.##...# .
#. #.# ....# ..
..# ....# # .##
##..


You could see Ijyb, a bat and a ball python.

Vanquished Creatures
  2 adders (D:2)
  2 worms (D:2)
  2 bats (D:1)
  A giant cockroach (D:2)
  3 hobgoblins (D:1)
  3 jackals (D:2)
  2 frilled lizards (D:1)
  3 goblins
  3 kobolds
  3 rats (D:1)
24 creatures vanquished.

Notes
Turn   | Place    | Note
-------+----------+-------------------------------------------
     0 | D:1      | Marnok the Minotaur Fighter began the quest for the Orb.
     0 | D:1      | Reached XP level 1. HP: 19/19 MP: 0/0
   729 | D:1      | Reached XP level 2. HP: 26/27 MP: 1/1
   924 | D:2      | Found an ancient bone altar of Kikubaaqudgha.
   927 | D:2      | Found a bloodstained altar of Trog.
   927 | D:2      | Found a glowing silver altar of Zin.
   927 | D:2      | Found a glowing golden altar of the Shining One.
  1038 | D:2      | Reached XP level 3. HP: 20/33 MP: 2/2
  1305 | D:3      | Noticed Ijyb
  1311 | D:3      | Killed from afar by Ijyb

Skill      XL: |  1  2 |
---------------+-------+-----
Shields        | 4 |  4.3
Armour         | 4 |  4.5
Polearms       | 3 |  3.0
Fighting       | |  3.8

Action                   || total
-------------------------++-------
Melee: Trident           ||    54
       Headbutt          ||     6
       Mace              ||    23
  Use: Scroll            ||     5
  Eat: Chunk             ||     1
Armor: Scale mail        ||    27
Dodge: Dodged            ||    16
Block: Shield            ||    24
       Large shield      ||    14
